 Dungeon Crawl Stone Soup version 0.22-a0-605-g9281fa2 (webtiles) character file.

296 Hebeh the Ruffian (level 6, 0/57 HPs)
             Began as a Troll Transmuter on July 8, 2018.
             Was an Initiate of Sif Muna.
             Killed from afar by an orc wizard (7 damage)
             ... with a magic dart
             ... on level 4 of the Dungeon.
             The game lasted 00:13:36 (3016 turns).

Hebeh the Ruffian (Troll Transmuter)                Turns: 3016, Time: 00:13:39

Health: 0/57       AC:  5    Str: 19    XL:     6   Next: 12%
Magic:  3/7        EV: 10    Int: 17    God:    Sif Muna [......]
Gold:   194        SH:  0    Dex: 10    Spells: 5/8 levels left

rFire    . . .     SeeInvis .     - Unarmed
rCold    . . .     Gourm    +   (no shield)
rNeg     . . .     Faith    .   b - +0 robe
rPois    .         Spirit   .   (helmet restricted)
rElec    .         Reflect  .   (no cloak)
rCorr    .         Harm     .   (gloves unavailable)
MR       +....                  (boots unavailable)
Stlth    +.........             (no amulet)
HPRegen  0.59/turn              i - ring of protection from magic
MPRegen  0.10/turn              j - +6 ring of intelligence

@: lethally poisoned (0 -> -1)
A: large, unfitting armour, claws 3, fast metabolism 3, gourmand, regeneration
1, shaggy fur 1, tough skin 2
a: Renounce Religion


You were on level 4 of the Dungeon.
You worshipped Sif Muna.
Sif Muna was noncommittal.
You were very full.

You visited 1 branch of the dungeon, and saw 4 of its levels.

You collected 194 gold pieces.

Inventory:

Missiles
 a - 7 arrows
Armour
 b - a +0 robe (worn)
Jewellery
 i - a ring of protection from magic (left claw)
 j - a +6 ring of intelligence (right claw)
 u - an uncursed ring of flight {unknown}
Wands
 r - a wand of digging (26)
Scrolls
 c - 5 scrolls of identify {unknown}
 g - 3 scrolls of remove curse {unknown}
 k - a scroll of immolation {unknown}
 l - 2 scrolls of magic mapping {unknown}
 m - a scroll of teleportation {unknown}
 n - a scroll of fear {unknown}
 q - a scroll of enchant armour {unknown}
Potions
 e - a potion of berserk rage {unknown}
 f - 2 potions of haste {unknown}
 h - 6 potions of curing {unknown}
 p - 3 potions of mutation {unknown}
 s - a potion of agility {unknown}
 t - 2 potions of degeneration {unknown}
Comestibles
 d - 6 rations


   Skills:
 + Level 2.0 Fighting
 + Level 2.5 Dodging
 * Level 4.8 Unarmed Combat
 + Level 1.9 Spellcasting
 + Level 2.2 Transmutations


You had 5 spell levels left.
You knew the following spells:

 Your Spells              Type           Power        Failure   Level  Hunger
a - Beastly Appendage     Tmut           #.....       8%          1    #......
b - Sticks to Snakes      Tmut           #.......     12%         2    ###....

Your spell library contained the following spells:

 Spells                   Type           Power        Failure   Level  Hunger
 Spider Form              Tmut/Pois      #.........   36%         3    ###....
 Blade Hands              Tmut           #.........   91%         5    ######.
 Ice Form                 Ice/Tmut       #.......     77%         4    #####..


Dungeon Overview and Level Annotations

Branches:
Dungeon (4/15)
 Temple: D:4-7

Altars:
Hepliaklqana
Kikubaaqudgha
Nemelex Xobeh
Sif Muna


Innate Abilities, Weirdness & Mutations

You are too large for most types of armour.
You have claws for hands.
Your metabolism is lightning-fast.
You like to eat raw meat.
Your natural rate of healing is unusually fast.
You are covered in fur. (AC +1)
You have very tough skin. (AC +2)


Message History

The adder bites you.
You feel sick.
Your ball python barely misses the orc.
Your ball python constricts the orc.
Your ball python bites the orc wizard but does no damage.
Your ball python closely misses the orc wizard.
The orc escapes!
You closely miss the adder. You claw the adder!
The adder is almost dead.
You feel sick. The adder closely misses you. Something hits your ball python!
Your ball python dies!
The orc priest calls down the wrath of Beogh upon you.
Beogh smites you!
* * * LOW HITPOINT WARNING * * *
You claw the adder!
You kill the adder!
Sif Muna accepts your kill.
You feel sick.
The orc wizard points at you and mumbles some strange words.
The magic dart hits you!
You die...

#..# #.##..# .## . #..#
##.#####...##
####..#####_##.......
#.........###........
....##.................
### #............... ##
#............... ..
#.......(....... .
#@...............
#.#.########........
####.#o# ........
#....oo## .......
#.....S.# .......
#............. ......
######...##.## ......
#.?<.. ... #.#.... ...


You could see an orc priest, an orc wizard, an orc and a friendly ball python.

Vanquished Creatures
  A big kobold (D:3)
  A howler monkey (D:2)
  A hound (D:3)
  A worker ant (D:4)
  6 adders
  3 worms
  4 dart slugs (D:2)
  A leopard gecko (D:3)
  2 orcs (D:4)
  A ball python (D:2)
  4 bats
  4 giant cockroaches
  5 goblins
  7 hobgoblins
  12 kobolds
  2 quokkas
  8 frilled lizards
  8 rats
71 creatures vanquished.

Vanquished Creatures (collateral kills)
  A goblin (D:3)
  2 hobgoblins (D:3)
  2 kobolds (D:3)
5 creatures vanquished.

Grand Total: 76 creatures vanquished

Notes
Turn   | Place    | Note
-------+----------+-------------------------------------------
     0 | D:1      | Hebeh the Troll Transmuter began the quest for the Orb.
     0 | D:1      | Reached XP level 1. HP: 18/18 MP: 1/1
   591 | D:1      | Reached XP level 2. HP: 26/26 MP: 2/2
   645 | D:1      | Reached skill level 1 in Fighting
  1121 | D:2      | Reached XP level 3. HP: 33/33 MP: 4/4
  1164 | D:2      | Found an ancient bone altar of Kikubaaqudgha.
  1344 | D:2      | Found a sparkling altar of Nemelex Xobeh.
  1673 | D:2      | Reached skill level 4 in Unarmed Combat
  1673 | D:2      | Reached XP level 4. HP: 32/41 MP: 5/5
  1912 | D:3      | Learned a level 2 spell: Sticks to Snakes
  2168 | D:3      | Reached XP level 5. HP: 48/48 MP: 6/6
  2530 | D:3      | Found a deep blue altar of Sif Muna.
  2541 | D:3      | Became a worshipper of Sif Muna the Loreminder
  2898 | D:4      | Reached XP level 6. HP: 57/57 MP: 7/7
  2937 | D:4      | Found a hazy altar of Hepliaklqana.
  3016 | D:4      | Killed from afar by an orc wizard

Vault maps used:
D:1:      eino_arrival_druids_welcome
D:2:      lemuel_crystal_altar, nemelex_xobeh_ov_fountains_minmay, first_ration,
          st_stairs_7
D:3:      cheibrodos_thug_alley, old_standard_altar
D:4:      marbit_many_paths, temple_hall

Skill      XL: |  1  2  3  4  5 |
---------------+----------------+-----
Fighting       | 1 2 |  2.0
Dodging        | 2 |  2.5
Unarmed Combat | 4 |  4.8
Transmutations | 2 |  2.2
Spellcasting   | |  1.9

Action                   |  1- 3 |  4- 6 || total
-------------------------+-------+-------++-------
Melee: Unarmed           |    80 |   135 ||   215
       Punch             |     1 |     4 ||     5
 Cast: Sticks to Snakes  |       |     5 ||     5
       Beastly Appendage |       |     1 ||     1
 Stab: Sleeping          |     1 |       ||     1
  Eat: Chunk             |    13 |    16 ||    29
       Ration            |     1 |       ||     1
Armor: Robe              |    21 |    47 ||    68
Dodge: Dodged            |    39 |    71 ||   110

Table legend:
 A = Spawn XP
 B = Non-spawn XP
 C = Spawn XP percentage of total XP
 D = Spawn monster count
 E = Non-spawn monster count
 F = Spawn count percentage of total count
 G = Total turns spent on level
                    A         B        C        D         E        F      G
               +---------+---------+-------+---------+---------+-------+---------
         Total |       0 |     423 |   0.0 |       0 |      76 |   0.0 |  3016
               +---------+---------+-------+---------+---------+-------+---------
           D:1 |       0 |      17 |   0.0 |       0 |      11 |   0.0 |   985
           D:2 |       0 |     144 |   0.0 |       0 |      28 |   0.0 |   843
           D:3 |       0 |     209 |   0.0 |       0 |      33 |   0.0 |  1019
           D:4 |       0 |      53 |   0.0 |       0 |       4 |   0.0 |   169
               +---------+---------+-------+---------+---------+-------+---------
